 Dungeon Crawl Stone Soup version 0.29.1-15-g9cfb28693d (webtiles) character file.

Game seed: 6363716255519463084

72 drcrypt the Chopper (level 4, 0/41 HPs)
             Began as a Minotaur Berserker on Mar 16, 2023.
             Was a Believer of Trog.
             Slain by a gnoll
             ... wielding a +0 spear
              (6 damage)
             ... on level 2 of the Dungeon.
             The game lasted 00:06:33 (1680 turns).

drcrypt the Chopper (Minotaur Berserker)            Turns: 1680, Time: 00:06:34

Health: 0/41       AC:  2    Str: 24    XL:     4   Next: 6%
Magic:  3/3        EV: 12    Int:  4    God:    Trog [**....]
Gold:   52         SH:  0    Dex:  9    Spells: 3/3 levels left

rFire   . . .      SeeInvis .   a - +0 hand axe
rCold   . . .      Faith    .   (no shield)
rNeg    . . .      Spirit   .   b - +0 animal skin
rPois   .          Reflect  .   (helmet restricted)
rElec   .          Harm     .   (no cloak)
rCorr   .          Rampage  .   (no gloves)
Will    .....                   (no boots)
Stlth   +.........              (no amulet)
HPRegen 0.13/turn               (no ring)
MPRegen 0.08/turn               (no ring)

@: no status effects
A: horns 2, retaliatory headbutt
a: Renounce Religion, Berserk, Trog's Hand


You were on level 2 of the Dungeon.
You worshipped Trog.
Trog was pleased with you.
You visited 1 branch of the dungeon, and saw 2 of its levels.

You collected 52 gold pieces.

Inventory:

Hand Weapons
 a - a +0 hand axe (weapon)
 g - a +0 sling
Armour
 b - a +0 animal skin (worn)
Scrolls
 d - 2 scrolls of amnesia {unknown}
 i - a scroll of enchant armour {unknown}
Potions
 c - a potion of haste {unknown}
 e - 2 potions of heal wounds {unknown}
 f - a potion of flight {unknown}
 h - a potion of mutation {unknown}


   Skills:
 + Level 4.9 Fighting
 + Level 4.9 Axes
 - Level 2.4 Armour
 - Level 2.1 Dodging


You had 3 spell levels left.
You didn't know any spells.
Your spell library was empty.

Dungeon Overview and Level Annotations

Branches:
Dungeon (2/15)

Altars:

Shops:
D:1 *


Innate Abilities, Weirdness & Mutations

You have a pair of horns on your head.
You reflexively headbutt those who attack you in melee.


Message History

Trog accepts your kill.
Things that are here:
a +0 dagger; a +0 sling; a goblin corpse A gnoll comes into view.
It is wielding a +0 spear.
The gnoll shouts!
A gnoll is nearby!
A gnoll comes into view. It is wielding a +0 spear.
The gnoll shouts!
You hear a shout!
The gnoll hits you with a +0 spear.
You hit the gnoll but do no damage. You headbutt the gnoll!
The gnoll is almost dead.
The gnoll misses you.
A gnoll comes into view. It is wielding a +0 club.
You hit the gnoll.
You kill the gnoll!
Trog accepts your kill. The gnoll barely misses you.
A gnoll comes into view. It is wielding a +0 spear.
The gnoll shouts!
The gnoll hits you with a +0 spear.
You see here a +0 spear.
You hit the gnoll. You headbutt the gnoll!
You kill the gnoll!
Trog accepts your kill.
You have reached level 4!
You feel stronger.
Things that are here:
a +0 spear; a gnoll corpse You barely miss the gnoll.
The gnoll barely misses you.
The gnoll hits you from afar with a +0 spear!
The gnoll hits you with a +0 club.
You hit the gnoll.
The gnoll is moderately wounded.
The gnoll hits you from afar with a +0 spear.
The gnoll hits you with a +0 club!
* * * LOW HITPOINT WARNING * * *
You hit the gnoll.
The gnoll is heavily wounded.
The gnoll hits you from afar with a +0 spear.
You die...

## .# .#
.#######################
...............)@gg.....
.....#.###.#############
.....#.# #.# .......#
#.# #..##### #.# #.##
#.# #.# #.# #.# #.# ..#
#.#


You could see 2 gnolls.

Vanquished Creatures
  2 gnolls (D:2)
  An adder (D:2)
  4 dart slugs
  3 bats
  3 endoplasms (D:1)
  A giant cockroach (D:1)
  4 hobgoblins
  3 kobolds
  3 quokkas
  2 ball pythons (D:1)
  3 frilled lizards (D:1)
  3 goblins (D:2)
  2 rats (D:1)
34 creatures vanquished.

Vanquished Creatures (others)
  8 fungi (D:1)
  33 plants (D:1)
41 creatures vanquished.

Grand Total: 75 creatures vanquished

Notes
Turn   | Place    | Note
-------+----------+-------------------------------------------
     0 | D:1      | drcrypt the Minotaur Berserker began the quest for the Orb.
     0 | D:1      | Reached XP level 1. HP: 19/19 MP: 0/0
   139 | D:1      | Reached XP level 2. HP: 7/27 MP: 1/1
   512 | D:1      | Found a faded altar of an unknown god.
   990 | D:1      | Found Ytivey's Assorted Antiques.
  1028 | D:1      | Reached XP level 3. HP: 33/34 MP: 2/2
  1285 | D:2      | Reached ** piety under Trog
  1677 | D:2      | Reached XP level 4. HP: 30/41 MP: 3/3
  1680 | D:2      | Slain by a gnoll

Illustrated notes

Levels and vault maps discovered:
D:1:      nicolae_arrival_memento_mori, layout_basic, serial_shops,
          nicolae_shop_overgrown_old_shop,
          shapermc_ecumenical_altar_mp_urbaneastern, serial_bayou_lagoon_a,
          minmay_tetromino_l2
D:2:      layout_basic

Skill      XL: |  1 |
---------------+----+-----
Fighting       | 4 |  4.9
Axes           | 4 |  4.9
Armour         | |  2.4
Dodging        | |  2.1

Action                   |  1- 3 |  4- 6 || total
-------------------------+-------+-------++-------
Melee: Hand axe          |    59 |     3 ||    62
       Headbutt          |    11 |       ||    11
       Punch             |     1 |       ||     1
Invok: Berserk           |     1 |       ||     1
Armor: Animal skin       |     8 |       ||     8
Dodge: Dodged            |    36 |     1 ||    37
